 Dungeon Crawl Stone Soup version 0.27-a0-1191-g601b473118 (webtiles) character file.

Game seed: 6353414731409826107

2873 1player the Martial Artist (level 9, 0/93 HPs)
             Began as an Octopode Transmuter on May 23, 2021.
             Slain by a wight
             ... wielding a +3 battleaxe
              (4 damage)
             ... on level 6 of the Dungeon.
             The game lasted 00:27:21 (11436 turns).

1player the Martial Artist (Octopode Transmuter)   Turns: 11436, Time: 00:27:22

Health: 0/93       AC: 24    Str: 10    XL:     9   Next: 76%
Magic:  7/12       EV:  2    Int: 17    God:
Gold:   340        SH:  0    Dex: 13    Spells: 1/12 levels left

rFire    . . .     SeeInvis .     - Unarmed
rCold    . . .     Faith    .   (no shield)
rNeg     + + +     Spirit   .   (helmet currently unavailable)
rPois    +         Reflect  .   (no amulet)
rElec    .         Harm     .   n - ring of flight
rCorr    .         Rampage  .   (no ring)
Will     .....     NoTele   +   (no ring)
Stlth    +.........             (no ring)
HPRegen  0.25/turn              (no ring)
MPRegen  0.13/turn              (no ring)
                                (no ring)
                                (no ring)

@: mighty, tree-form, very slightly contaminated
A: stationary, stasis, torment immunity, boosted hp, almost no armour,
(amphibious), 8 rings, (camouflage 1), (gelatinous body 1), (nimble swimmer 1),
(tentacles)
a: no special abilities


You were on level 6 of the Dungeon.
You were a tree.
You visited 2 branches of the dungeon, and saw 7 of its levels.

You collected 340 gold pieces.

Inventory:

Missiles
 j - 41 poisoned darts
 q - 2 curare-tipped darts
Jewellery
 n - a ring of flight (left branch)
Wands
 p - a wand of acid (12)
Scrolls
 d - a scroll of identify {@r1}
 k - 2 scrolls of teleportation {unknown}
 s - a scroll of amnesia
 t - a scroll of fear {unknown}
Potions
 b - a potion of brilliance {unknown}
 e - a potion of resistance {unknown}
 f - 3 potions of lignification
 g - a potion of attraction {unknown}
 i - a potion of ambrosia {unknown}
 m - a potion of degeneration {unknown}
 o - 2 potions of cancellation
 u - a potion of haste {unknown}


   Skills:
 - Level 6.0 Fighting
 + Level 3.1 Dodging
 * Level 10.2 Unarmed Combat
 - Level 2.0 Spellcasting
 - Level 5.0 Transmutations
 - Level 2.0 Ice Magic
 - Level 3.0 Poison Magic


You had one spell level left.
You knew the following spells:

 Your Spells              Type           Power      Damage    Failure   Level
l - Passwall              Tmut/Erth      8%         N/A       11%         2
q - Spider Form           Tmut/Pois      7%         N/A       11%         3
w - Ice Form              Ice/Tmut       13%        N/A       41%         4
z - Wereblood             Tmut           18%        N/A       3%          2

Your spell library contained the following spells:

 Spells                   Type           Power      Damage    Failure   Level
 Beastly Appendage        Tmut           36%        N/A       2%          1
 Sandblast                Erth           2%         2d4       19%         1
 Stone Arrow              Conj/Erth      2%         3d7       50%         3
 Petrify                  Tmut/Erth      10%        N/A       56%         4
 Hydra Form               Tmut           9%         N/A       56%         5
 Lee's Rapid Deconstruct  Erth           0%         3d5*      99%         5


Dungeon Overview and Level Annotations

Branches:
Dungeon (6/15)             Temple (1/1) D:6

Altars:
Dithmenos
Fedhas
Hepliaklqana
Kikubaaqudgha
Makhleb
Nemelex Xobeh
Okawaru
Qazlal
Ru
Trog
Uskayaw
Vehumet
Xom
Yredelemnul
Zin
The Shining One


Innate Abilities, Weirdness & Mutations

You are a tree.
Your roots penetrate the ground, keeping you stationary.
You cannot be teleported.
You are immune to unholy pain and torment.
Your maximum health is greatly increased.
Your equipment is partially melded.
You cannot wear most types of armour.
((You are amphibious.))
You can wear up to eight rings at the same time.
((Your skin changes colour to match your surroundings (Stealth+).))
((Your rubbery body absorbs attacks. (AC +1, EV +1)))
((You are camouflaged near water. (Stealth+)))
((You have tentacles for arms and can constrict up to eight enemies at once.))


Message History

* * * LOW HITPOINT WARNING * * *
You smack the black bear!
You kill the black bear!
The centaur hits you but does no damage.
The centaur kicks you but does no damage.
Your life force feels restored.
You feel very mighty all of a sudden.
The centaur hits you but does no damage.
The centaur kicks you but does no damage.
The wight hits you but does no damage.
The centaur hits you but does no damage.
The centaur kicks you but does no damage.
You feel better.
The centaur hits you but does no damage.
The centaur barely misses you. The wight hits you with a +0 falchion.
* * * LOW HITPOINT WARNING * * *
You pummel the centaur!!
You kill the centaur!
The wight hits you but does no damage.
Your Dodging skill increases to level 3!
You hit the wight.
The wight is moderately damaged.
The wight hits you but does no damage. x2
You hit the wight.
The wight is severely damaged.
The wight hits you but does no damage. The wight hits you with a +0 falchion.
* * * LOW HITPOINT WARNING * * *
You barely miss the wight.
The wight is severely damaged.
You barely miss the wight. Your punch misses the wight.
The wight is severely damaged.
The wight hits you but does no damage. The wight barely misses you.
You pummel the wight!!
You destroy the wight!
The wight hits you with a +3 battleaxe!
* * * LOW HITPOINT WARNING * * *
You feel better. The wight hits you with a +3 battleaxe.
* * * LOW HITPOINT WARNING * * *
You barely miss the wight. The wight hits you with a +3 battleaxe.
You die...

#**,,,,,#.##zz...,..#*****,*,****
##*,,,,..,,..z......,,,,,,,*,,,,,
.###,*#***.........#*************
..8#,* *,....#.#.....,,,,,,,,,,,,
...##***.#####.#..#########*****,
....##,..,,,,.<.)..........,,,,*,
.....##*,****#.#.#.......##***,*,
8....8#*,,,*,#.#z#.......'.,,*,*,
##...##*,,,,,#z#♣#.......#**,*,*,
#...#,*,*,*,#c#)).........,,,,*,
#...#,*,*,*,#.#...........,,,,*,
###.#,*,*,*,#.#.##########*,*,*,
#.#,*,*,,,#...# #...# *,*,*,
#.#,*,***##...## ###.# *,*,*,
#.#,*,* #8...8# #.# *,*,*,
#.#,*,* ##...## #># *,,,*,
#.#,*,****#...# #.######*,


You could see a wight.

Vanquished Creatures
  2 water moccasins (D:5)
  3 black bears
  2 sky beasts
  2 ice beasts
  A necrophage (D:4)
  5 ogres
  2 centaurs (D:6)
  5 scorpions
  7 wights
  A centaur zombie (D:5)
  3 hounds
  A bullfrog skeleton (D:6)
  2 gnoll shamans (D:5)
  2 orc priests
  2 iguanas
  Terence (D:3)
  Natasha (thrice) (D:3)
  2 orc wizards
  A killer bee zombie (D:6)
  A hound skeleton (D:5)
  10 gnolls
  6 adders
  An adder skeleton (D:4)
  A worm (D:3)
  3 dart slugs
  14 orcs
  11 ball pythons
  4 endoplasms
  4 giant cockroaches
  13 goblins
  7 hobgoblins
  4 jackals (D:4)
  4 kobolds
  6 quokkas
  2 bats
  3 frilled lizards
  7 rats
148 creatures vanquished.

Vanquished Creatures (others)
  A plant (D:4)
1 creature vanquished.

Grand Total: 149 creatures vanquished

Notes
Turn   | Place    | Note
-------+----------+-------------------------------------------
     0 | D:1      | 1player the Octopode Transmuter began the quest for the
                  | Orb.
     0 | D:1      | Reached XP level 1. HP: 13/13 MP: 3/3
   195 | D:1      | Found a faded altar of an unknown god.
   396 | D:1      | Reached skill level 1 in Poison Magic
   476 | D:1      | Reached XP level 2. HP: 9/18 MP: 5/5
  1002 | D:1      | Reached XP level 3. HP: 12/24 MP: 6/6
  1319 | D:2      | Learned a level 3 spell: Spider Form
  1394 | D:2      | Found a shimmering altar of Xom.
  2206 | D:2      | Noticed a black bear
  3012 | D:3      | Noticed Natasha
  3098 | D:3      | Learned a level 2 spell: Passwall
  3202 | D:3      | Reached XP level 4. HP: 23/29 MP: 3/7
  3561 | D:3      | Reached XP level 5. HP: 23/35 MP: 4/8
  3565 | D:3      | Reached skill level 4 in Unarmed Combat
  4102 | D:3      | Found a sacrificial altar of Ru.
  4102 | D:3      | Noticed Terence
  4606 | D:3      | Killed Terence
  5046 | D:3      | HP: 1/35 [poisoned by an adder]
  5365 | D:3      | Killed Natasha
  5366 | D:3      | Reached XP level 6. HP: 41/41 MP: 4/9
  5507 | D:3      | Noticed Natasha
  5526 | D:3      | Killed Natasha
  5689 | D:4      | Noticed a necrophage
  5806 | D:3      | Noticed Natasha
  5821 | D:3      | Killed Natasha
  6107 | D:4      | Reached skill level 5 in Unarmed Combat
  6229 | D:4      | Reached XP level 7. HP: 47/47 MP: 6/10
  6348 | D:3      | Learned a level 4 spell: Ice Form
  6374 | D:3      | Reached skill level 6 in Unarmed Combat
  6760 | D:4      | Reached skill level 1 in Ice Magic
  7259 | D:4      | Reached XP level 8. HP: 54/54 MP: 11/11
  7958 | D:4      | Learned a level 2 spell: Wereblood
  8294 | D:5      | Entered Level 5 of the Dungeon
  8594 | D:5      | Reached skill level 5 in Fighting
  8644 | D:5      | Reached skill level 5 in Transmutations
  8828 | D:5      | Reached skill level 7 in Unarmed Combat
  9234 | D:5      | Reached skill level 8 in Unarmed Combat
  9234 | D:5      | Reached XP level 9. HP: 62/62 MP: 7/12
 10431 | D:5      | Reached skill level 9 in Unarmed Combat
 10677 | D:6      | Found a staircase to the Ecumenical Temple.
 10683 | Temple   | Entered the Ecumenical Temple
 11425 | D:6      | Reached skill level 10 in Unarmed Combat
 11434 | D:6      | HP: 2/93 [wight/+3 battleaxe (12)]
 11436 | D:6      | Slain by a wight

Illustrated notes

Levels and vault maps discovered:
D:1:      lemuel_arrival_rhombus, layout_loops_ring,
          shapermc_ecumenical_altar_venn
D:2:      layout_loops_corners, basic_altar
D:3:      layout_loops_ring, lemuel_round_altar, kennysheep_small_spiral,
          chequers_serial_rivers_large_a, uniq_terence, uniq_natasha
D:4:      kennysheep_the_goblin_king, layout_cave_pods, st_stairs_5,
          serial_bayou_pond_b, minmay_vboxes
D:5:      layout_basic, corexii_leaking_fountain
D:6:      layout_basic, minmay_temple_entry_fiery, serial_corexii_hall,
          corexii_hall_statues_x, chequers_hall_statues_y
Temple:   regret_index_temple_generic_petals

Skill      XL: |  1  2  3  4  5  6  7  8  9 |
---------------+----------------------------+-----
Poison Magic   | 1 2 3 |  3.0
Fighting       | 2 3 4 6 |  6.0
Unarmed Combat | 4 5 6 8 10 | 10.2
Transmutations | 3 4 5 |  5.0
Ice Magic      | 1 2 |  2.0
Dodging        | 3 |  3.1
Spellcasting   | |  2.0

Action                   |  1- 3 |  4- 6 |  7- 9 || total
-------------------------+-------+-------+-------++-------
Melee: Unarmed           |    83 |   115 |   187 ||   385
       Constrict         |    18 |    11 |    17 ||    46
       Kick              |    14 |     3 |     2 ||    19
       Tentacles         |     7 |     7 |     8 ||    22
       Punch             |     1 |     1 |     3 ||     5
Throw: Dart              |       |       |     1 ||     1
 Cast: Beastly Appendage |    15 |     3 |     1 ||    19
       Spider Form       |     6 |    12 |     8 ||    26
       Ice Form          |       |       |    17 ||    17
       Wereblood         |       |       |     6 ||     6
  Use: Scroll            |     1 |       |     6 ||     7
       Potion            |       |     2 |     7 ||     9
 Stab: Sleeping          |     3 |     1 |     1 ||     5
Armor: Skin              |     7 |     9 |    55 ||    71
Dodge: Dodged            |    46 |    76 |   119 ||   241

Table legend: (Time is in decaauts)
 A = Elapsed time spent in this place.
 B = Non-inter-level travel time spent in this place.
 C = Inter-level travel time spent in this place.
 D = Time resting spent in this place.
 E = Time spent auto-exploring this place.
 F = Levels seen in this place.
 G = Mean time per level.
                   A        B        C        D        E       F      G
               +--------+--------+--------+--------+--------+-----+--------+
         Total |  11414 |  11013 |    401 |   4637 |   3629 |   7 | 1630.6 |
       Dungeon |  11151 |  10771 |    380 |   4637 |   3389 |   6 | 1858.5 |
        Temple |    262 |    241 |     21 |      0 |    240 |   1 |  262.0 |
               +--------+--------+--------+--------+--------+-----+--------+

Top non-repeatable levels by time:
     D:3: 2920 daAuts
     D:2: 2272 daAuts
     D:5: 2192 daAuts
     D:4: 1879 daAuts
     D:1: 1300 daAuts
     D:6: 586 daAuts
  Temple: 262 daAuts
